 Dungeon Crawl Stone Soup version 0.29-a0-233-g1125b37a9b (webtiles) character file.

Game seed: 11002408726807709097

297 enile the Skirmisher (level 6, -14/56 HPs)
             Began as a Formicid Arcane Marksman on Mar 2, 2022.
             Was a Priest of Zin.
             Demolished by an ogre
             ... wielding a +0 giant club
              (25 damage)
             ... on level 4 of the Dungeon.
             The game lasted 00:07:24 (4839 turns).

enile the Skirmisher (Formicid Arcane Marksman)     Turns: 4839, Time: 00:07:25

Health: -14/56     AC:  9    Str: 15    XL:     6   Next: 62%
Magic:  7/7        EV:  7    Int: 12    God:    Zin [***...]
Gold:   190        SH:  0    Dex: 13    Spells: 6/7 levels left

rFire   . . .      SeeInvis +   b - +2 whip (elec)
rCold   . . .      Faith    .   (no shield)
rNeg    . . .      Spirit   .   m - +0 chain mail
rPois   +          Reflect  .   (helmet unavailable)
rElec   .          Harm     .   (no cloak)
rCorr   .          Rampage  .   (no gloves)
Will    .....                   (no boots)
Stlth   ..........              (no amulet)
HPRegen 0.18/turn               (no ring)
MPRegen 0.10/turn               (no ring)

@: no status effects
A: permanent stasis, dig shafts and tunnels, antennae 3, four strong arms, low
MP 1, poison resistance, robust 1
a: Dig, Shaft Self, Renounce Religion, Recite, Vitalisation, Imprison, Donate
Gold


You were on level 4 of the Dungeon.
You worshipped Zin.
Zin was most pleased with you.
You visited 1 branch of the dungeon, and saw 4 of its levels.

You collected 211 gold pieces.
You donated 21 gold pieces to Zin.

Inventory:

Hand Weapons
 a - a +0 hunting sling
 b - a +2 whip of electrocution (weapon)
Missiles
 l - a silver javelin (quivered)
Armour
 f - a +1 robe
 m - a +0 chain mail (worn)
Jewellery
 q - an amulet of reflection
Scrolls
 c - a scroll of silence
 e - a scroll of fog
 g - 2 scrolls of magic mapping
 h - 2 scrolls of teleportation
 i - a scroll of blinking {unknown}
 o - a scroll of fear {unknown}
Potions
 j - a potion of haste {unknown}
 k - a potion of magic {unknown}
 n - 2 potions of invisibility {unknown}
 p - a potion of brilliance {unknown}
 r - a potion of attraction {unknown}
 s - a potion of heal wounds {unknown}


   Skills:
 - Level 5.0 Fighting
 - Level 2.0 Maces & Flails
 - Level 2.4 Slings
 + Level 2.9 Armour
 - Level 2.0 Dodging
 - Level 1.3 Spellcasting
 - Level 3.8 Hexes


You had 6 spell levels left.
You knew the following spells:

 Your Spells              Type           Power      Damage    Failure   Level
a - Slow                  Hex            40%        N/A       77%         1

Your spell library contained the following spells:

 Spells                   Type           Power      Damage    Failure   Level
 Beastly Appendage        Tmut           0%         N/A       99%         1
 Wereblood                Tmut           0%         N/A       100%        2
 Inner Flame              Hex/Fire       5%         N/A       100%        3
 Portal Projectile        Hex/Tloc       10%        N/A       100%        3
 Spider Form              Tmut/Pois      0%         N/A       100%        3
 Stone Arrow              Conj/Erth      0%         3d7       100%        3
 Animate Armour           Summ/Erth      0%         N/A       100%        4
 Cause Fear               Hex            5%         N/A       100%        4
 Lehudib's Crystal Spear  Conj/Erth      0%         10d2      100%        8


Dungeon Overview and Level Annotations

Branches:
Dungeon (4/15)
 Temple: D:4-7

Altars:
Yredelemnul
Zin

Shops:
D:1 (


Innate Abilities, Weirdness & Mutations

You cannot be hasted, slowed, berserked, paralysed or teleported.
You can dig through walls and to a lower floor.
You have a pair of large antennae on your head. (SInv)
Your four strong arms can wield two-handed weapons with a shield.
Your magical capacity is low. (-10% MP)
Your system is resistant to poisons. (rPois)
You are robust. (+10% HP)


Message History

Press: ? - help, Q - select action, (/) - cycle Shift-Dir - straight line, f/p - ogre
Aim: an ogre, wielding a +0 giant club (heavily wounded, 74% to hit)
You throw a silver javelin.
The silver javelin closely misses the ogre.
The ogre hits you with a +0 giant club!
You hit the ogre.
The ogre is heavily wounded.
The ogre hits you with a +0 giant club!!
Throw: 2 javelins (silver)
Press: ? - help, Q - select action, (/) - cycle Shift-Dir - straight line, f/p - ogre
Aim: an ogre, wielding a +0 giant club (heavily wounded, 74% to hit)
You throw a silver javelin.
The silver javelin pierces through the ogre.
The ogre is severely wounded.
The ogre hits you with a +0 giant club!!
* * * LOW HITPOINT WARNING * * *
Aiming: Imprison (65% risk of failure)
Press: ? - help, Dir - move target, f/p - ogre
Aim: an ogre, wielding a +0 giant club (heavily wounded)
You need more space to imprison the ogre.
The ogre barely misses you.
Press: ? - help, v - describe, . - travel
Here: an ogre, wielding a +0 giant club (heavily wounded)
The floor.
A hobgoblin comes into view.
The hobgoblin shouts!
An adder comes into view.
Found 5 gold pieces.
The adder hisses angrily.
A worm comes into view.
The adder closely misses you. The adder bites you.
* * * LOW HITPOINT WARNING * * *
The adder barely misses you.
There is a stone staircase leading up here.
Okay, then.
The adder bites you.
* * * LOW HITPOINT WARNING * * *
The ogre hits you with a +0 giant club!!
You die...

###..##......####.
##...###...................#
#....###...................# #
##....#.....................# ##
#.##..#...................... .##
####..............w.......... ..#
#.##.........#...........#.#
#.###..#.........O............# #
##.#............@Sg...........##.
##........................#.....
#...........##........#..##..#.
##..........##...........##....
###...###.#................##....
##...## ####.....................
....#.#######...............#....
....#.#...###....#...............
#...######.#..............###....


You could see an ogre, a worm, an adder and a hobgoblin.

Vanquished Creatures
  2 hounds
  2 orc priests
  2 orc wizards (D:4)
  7 adders
  2 worms
  A dart slug (D:3)
  4 orcs
  9 ball pythons
  An endoplasm (D:2)
  3 giant cockroaches
  4 goblins
  5 hobgoblins
  2 quokkas
  2 bats
  4 frilled lizards
  6 kobolds
  6 rats
62 creatures vanquished.

Notes
Turn   | Place    | Note
-------+----------+-------------------------------------------
     0 | D:1      | enile the Formicid Arcane Marksman began the quest for the
                  | Orb.
     0 | D:1      | Reached XP level 1. HP: 15/15 MP: 2/2
    75 | D:1      | Found Goepruafik's Antique Weapon Shop.
   412 | D:1      | Reached XP level 2. HP: 21/21 MP: 3/3
   908 | D:1      | Found a faded altar of an unknown god.
   917 | D:1      | Prayed at the altar of an unknown god.
   917 | D:1      | Became a worshipper of Zin the Law-Giver
   917 | D:1      | Reached * piety under Zin
  1010 | D:1      | Reached ** piety under Zin
  1233 | D:2      | Reached skill level 2 in Fighting
  1233 | D:2      | Reached XP level 3. HP: 16/27 MP: 5/5
  1486 | D:2      | Gained mutation: Your system is resistant to poisons.
                  | (rPois) [potion of mutation]
  1486 | D:2      | Gained mutation: Your magical capacity is low. (-10% MP)
                  | [potion of mutation]
  1486 | D:2      | Gained mutation: You are robust. (+10% HP) [potion of
                  | mutation]
  1649 | D:2      | Reached skill level 3 in Fighting
  1737 | D:2      | Reached XP level 4. HP: 24/38 MP: 3/5
  2342 | D:2      | Reached skill level 4 in Fighting
  2927 | D:3      | Reached XP level 5. HP: 33/46 MP: 6/6
  3494 | D:2      | Reached skill level 5 in Fighting
  3814 | D:3      | Reached skill level 1 in Maces & Flails
  3974 | D:3      | Found a basalt altar of Yredelemnul.
  4351 | D:4      | Noticed an ogre
  4367 | D:4      | Reached XP level 6. HP: 56/56 MP: 7/7
  4369 | D:4      | Reached skill level 1 in Armour
  4677 | D:4      | Reached *** piety under Zin
  4754 | D:4      | HP: 1/56 [ogre/+0 giant club (21)]
  4839 | D:4      | Demolished by an ogre

Illustrated notes

Levels and vault maps discovered:
D:1:      mainiacjoe_arrival_reflecting_pool, layout_loops_ring, serial_shops,
          nicolae_shop_waterfront, basic_ecumenical_altar
D:2:      layout_rooms
D:3:      layout_loops_ring, mainiacjoe_overflow_six_doors_small,
          serial_park_tiny_2
D:4:      layout_layer_cave, chequers_decorated_corner, st_stairs_3, uniq_edmund

Skill      XL: |  1  2  3  4  5  6 |
---------------+-------------------+-----
Dodging        | 2 |  2.0
Fighting       | 2 3 4 5 |  5.0
Maces & Flails | 2 |  2.0
Armour         | 2 |  2.9
Slings         | |  2.4
Spellcasting   | |  1.3
Hexes          | |  3.8

Action                   |  1- 3 |  4- 6 || total
-------------------------+-------+-------++-------
Melee: Whip              |    27 |    86 ||   113
       Punch             |       |     2 ||     2
 Fire: Hunting sling     |    69 |    48 ||   117
Throw: Javelin           |       |     5 ||     5
 Cast: Slow              |     5 |     6 ||    11
Invok: Vitalisation      |       |     2 ||     2
       Recite            |       |     1 ||     1
  Use: Potion            |     2 |     1 ||     3
       Scroll            |       |     7 ||     7
 Stab: Sleeping          |     1 |       ||     1
Armor: Robe              |     3 |     9 ||    12
       Chain mail        |       |    25 ||    25
Dodge: Dodged            |    28 |    60 ||    88

Table legend: (Time is in decaauts)
 A = Elapsed time spent in this place.
 B = Non-inter-level travel time spent in this place.
 C = Inter-level travel time spent in this place.
 D = Time resting spent in this place.
 E = Time spent auto-exploring this place.
 F = Levels seen in this place.
 G = Mean time per level.
                   A        B        C        D        E       F      G
               +--------+--------+--------+--------+--------+-----+--------+
         Total |   4891 |   4700 |    191 |   1086 |   2934 |   4 | 1222.8 |
       Dungeon |   4891 |   4700 |    191 |   1086 |   2934 |   4 | 1222.8 |
               +--------+--------+--------+--------+--------+-----+--------+

Top non-repeatable levels by time:
     D:2: 1780 daAuts
     D:1: 1463 daAuts
     D:3: 1056 daAuts
     D:4: 591 daAuts
